AoeStats
← Grubby

Arabia

509974650Analyzed
1v1 RM · 2d ago on Sep 28, 2026· 51m 13s· 2 players
Game mode
Random Map
Map size
Tiny (2 player)
Population
200
Speed
Normal
Resources
Standard
Victory
Conquest
Starting age
Dark Age
Ending age
Imperial Age
RankedLock teamsTeams togetherTeam positionsShared explorationLock speedFull tech treeHidden civsTurbo modeCheats
Victory
Defeat
🇨🇱 Franks · Chile
287
+20
🇳🇱 Bengalis · Netherlands
371
-20
Grubby
11:33 Feudal Age
16:47 Loom
16:58 Double-Bit Axe
20:05 Castle Age
18:59 Padded Archer Armor
24:24 Leather Archer Armor
27:20 Horse Collar
30:11 Pikeman
30:52 Squires
33:35 Redemption
36:05 Ballistics
35:42 Murder Holes
35:56 Town Watch
36:58 Fletching
43:07 Imperial Age
41:17 Atonement
41:16 Stone Mining
43:24 Wheelbarrow
42:33 Crossbowman
45:57 Chemistry
45:08 Fortified Wall
45:16 Fervor
45:35 Illumination
45:15 Town Patrol
45:36 Heavy Plow
47:43 Hand Cart
47:53 Elite Elephant Archer
50:28 Siege Elephant
51:02 Arson
50:38 Man-at-Arms
Katu
8:47 Loom
10:59 Feudal Age
12:53 Wheelbarrow
12:51 Double-Bit Axe
21:00 Castle Age
20:12 Forging
21:57 Hand Cart
22:41 Iron Casting
27:34 Bow Saw
27:30 Stone Mining
27:32 Gold Mining
36:21 Imperial Age
36:33 Town Watch
38:08 Elite Throwing Axeman
38:15 Cavalier
38:20 Pikeman
39:01 Squires
38:51 Gambesons
43:06 Paladin
45:45 Blast Furnace
45:34 Gold Shaft Mining
45:23 Halberdier
47:21 Scale Mail Armor
47:52 Siege Engineers
Connection lost

Rejoining the realm…

Still unreachable

The connection could not be restored.

Session expired

The server has moved on; the page needs a fresh start.